 Dungeon Crawl Stone Soup version 0.28.0-1-gb440e238dd (webtiles) character file.

Game seed: 12860189828743566791

571 lawman0 the Slasher (level 7, -5/51 HPs)
             Began as a Vampire Warper on Feb 19, 2022.
             Was a Priest of Cheibriados.
             Slain by an orc warrior (12 damage)
             ... on level 5 of the Dungeon.
             The game lasted 00:06:45 (3502 turns).

lawman0 the Slasher (Vampire Warper)                Turns: 3502, Time: 00:06:45

Health: -5/51      AC:  8    Str: 18    XL:     7   Next: 12%
Magic:  10/10      EV: 13    Int: 25    God:    Cheibriados [***...]
Gold:   176        SH:  0    Dex: 22    Spells: 1/10 levels left

rFire   . . .      SeeInvis +   a - +0 long sword (vorpal)
rCold   + . .      Faith    .   (no shield)
rNeg    . . .      Spirit   .   u - +2 leather armour {rC+}
rPois   .          Reflect  .   (no helmet)
rElec   .          Harm     .   (no cloak)
rCorr   .          Rampage  .   b - +2 pair of gloves
Will    +....                   (no boots)
Stlth   ++........              (no amulet)
HPRegen 0.37/turn               k - ring of willpower
MPRegen 0.12/turn               (no ring)

@: healing quickly, very slow
A: alive, fangs 3, see invisible, vampiric 2
a: Exsanguinate, Renounce Religion, Bend Time, Temporal Distortion


You were on level 5 of the Dungeon.
You worshipped Cheibriados.
Cheibriados was most pleased with you.
You visited 1 branch of the dungeon, and saw 5 of its levels.

You collected 176 gold pieces.

Inventory:

Hand Weapons
 a - a +0 vorpal long sword (weapon)
Missiles
 d - 2 boomerangs of dispersal
 h - 2 javelins
 s - 7 boomerangs (quivered)
Armour
 b - a +2 pair of gloves (worn)
 u - a +2 leather armour of cold resistance (worn)
Magical Staves
 r - a staff of poison
Jewellery
 k - a ring of willpower (left hand)
Wands
 j - a wand of iceblast (7)
 p - a wand of flame (16)
Scrolls
 c - a scroll of blinking
 f - a scroll of magic mapping
 i - 2 scrolls of enchant armour
 n - a scroll of immolation {unknown}
 v - a scroll of teleportation {unknown}
 w - a scroll of enchant weapon {unknown}
Potions
 e - 3 potions of curing
 m - a potion of attraction {unknown}
 o - a potion of resistance
 q - a potion of degeneration {unknown}
 t - a potion of brilliance


   Skills:
 + Level 2.3 Fighting
 * Level 4.3 Long Blades
 + Level 1.3 Throwing
 + Level 2.2 Armour
 + Level 2.9 Dodging
 + Level 1.4 Stealth
 + Level 2.2 Spellcasting
 + Level 0.3 Conjurations
 * Level 3.4 Translocations
 * Level 2.9 Invocations


You had one spell level left.
You knew the following spells:

 Your Spells              Type           Power      Damage    Failure   Level
a - Blink                 Tloc           38%        N/A       4%          2
b - Teleport Other        Tloc           19%        N/A       10%         3
c - Magic Dart            Conj           16%        1d3       11%         1
d - Gell's Gravitas       Tloc           19%        N/A       10%         3

Your spell library contained the following spells:

 Spells                   Type           Power      Damage    Failure   Level
 Lesser Beckoning         Tloc           19%        N/A       10%         3
 Call Imp                 Summ           2%         N/A       21%         2
 Frozen Ramparts          Ice            4%         1d2       36%         3
 Mephitic Cloud           Conj/Pois/Air  3%         N/A       36%         3
 Manifold Assault         Tloc           19%        N/A       65%         5
 Ice Form                 Ice/Tmut       2%         N/A       78%         4
 Summon Ice Beast         Ice/Summ       2%         N/A       78%         4


Dungeon Overview and Level Annotations

Branches:
Dungeon (5/15)
 Temple: D:4-7

Altars:
Cheibriados
Fedhas
Xom

Shops:
D:2 (


Innate Abilities, Weirdness & Mutations

Your natural rate of healing is accelerated.
You have razor-sharp teeth.
You have supernaturally acute eyesight. (SInv)
You are afflicted with vampirism and can become a bat while bloodless.


Message History

Okay, then.
You slash the phantom!
The phantom is heavily damaged.
The phantom barely misses you.
You hit the phantom.
The phantom is almost destroyed.
The phantom hits you but does no damage.
The orc wizard gestures wildly while chanting.
The orc wizard flickers and vanishes for a moment.
You completely miss the phantom.
The phantom is almost destroyed.
The phantom hits you. The phantom barely misses you.
You hit the phantom but do no damage.
The phantom is almost destroyed.
The phantom hits you but does no damage.
You hit the phantom.
The phantom is almost destroyed.
The phantom barely misses you.
You closely miss the phantom. You bite the phantom.
You destroy the phantom!
Cheibriados appreciates the change of pace.
You have reached level 7!
You closely miss the ogre. Your bite misses the ogre.
The ogre hits you with a +0 giant club.
The orc warrior hits you from afar with a +0 vorpal trident!
Unknown command.
You barely miss the ogre. The ogre closely misses you.
The orc warrior hits you from afar with a +0 vorpal trident!
It was a potion of brilliance.
You feel clever all of a sudden. The ogre hits you with a +0 giant club!
* * * LOW HITPOINT WARNING * * *
The orc warrior hits you from afar with a +0 vorpal trident.
* * * LOW HITPOINT WARNING * * *
x2 It was a potion of cancellation.
Your magical effects are unravelling.
You feel magically purged.
You feel a little less clever now.
The orc warrior hits you from afar with a +0 vorpal trident!
You die...

#####.#+####
#.#<.........#
#.###..#.....#
###.#.#....#.....#
.........#.#.....#
###.#.#....#.....#
#.#.....#'####
#.###...#.#
#@Ooo#..#.#
####.#..#†#
...............
##.#..#.###.###
#.#....# #.#....#
#o###..# ... ...#
##.#


You could see an orc warrior, an ogre and an orc wizard (invisible).

Vanquished Creatures
  A black bear (D:5)
  An ogre (D:4)
  A phantom (D:5)
  A water moccasin skeleton (D:4)
  A centaur zombie (D:4)
  2 orc priests (D:4)
  A bullfrog skeleton (D:2)
  An orc wizard (D:4)
  4 adders
  2 worms (D:2)
  A dart slug (D:1)
  5 orcs
  8 ball pythons
  6 endoplasms
  2 giant cockroaches
  4 goblins
  3 hobgoblins
  7 jackals (D:3)
  6 kobolds
  7 quokkas
  7 bats
  4 frilled lizards
  5 rats
80 creatures vanquished.

Notes
Turn   | Place    | Note
-------+----------+-------------------------------------------
     0 | D:1      | lawman0 the Vampire Warper began the quest for the Orb.
     0 | D:1      | Reached XP level 1. HP: 16/16 MP: 3/3
    92 | D:1      | Found a faded altar of an unknown god.
   121 | D:1      | Reached XP level 2. HP: 20/22 MP: 5/5
   156 | D:1      | Prayed at the altar of an unknown god.
   156 | D:1      | Became a worshipper of Cheibriados the Contemplative
   156 | D:1      | Reached * piety under Cheibriados
   157 | D:1      | yeah ok
   160 | D:1      | Learned a level 2 spell: Blink
   328 | D:1      | Reached skill level 1 in Armour
   562 | D:1      | Reached ** piety under Cheibriados
   862 | D:2      | Gained mutation: You are afflicted with vampirism and can
                  | become a bat while bloodless. [Vampire growth]
   862 | D:2      | Reached XP level 3. HP: 13/27 MP: 3/6
   960 | D:2      | Learned a level 3 spell: Teleport Other
   982 | D:2      | Learned a level 1 spell: Magic Dart
  1134 | D:2      | Found Sodghiplugh's Weapon Shoppe.
  1391 | D:2      | Reached skill level 1 in Invocations
  1391 | D:2      | Reached XP level 4. HP: 4/33 MP: 0/7
  1949 | D:3      | Found a blossoming altar of Fedhas.
  2202 | D:3      | Reached *** piety under Cheibriados
  2666 | D:4      | Found a shimmering altar of Xom.
  2680 | D:4      | Reached skill level 3 in Long Blades
  2680 | D:4      | Reached skill level 1 in Stealth
  2680 | D:4      | Reached XP level 5. HP: 14/38 MP: 6/8
  3027 | D:4      | Noticed an ogre
  3039 | D:4      | Killed an ogre
  3040 | D:4      | Reached skill level 1 in Throwing
  3040 | D:4      | Reached XP level 6. HP: 8/44 MP: 9/9
  3344 | D:4      | Learned a level 3 spell: Gell's Gravitas
  3345 | D:5      | Entered Level 5 of the Dungeon
  3382 | D:5      | Reached skill level 4 in Long Blades
  3388 | D:5      | Noticed an orc warrior
  3499 | D:5      | Reached XP level 7. HP: 49/51 MP: 10/10
  3502 | D:5      | Slain by an orc warrior

Illustrated notes

..........###......###..#
........†...............#
.......†................#
...#.≈≈#.#...≈..#..###..#
....≈≈≈≈....≈≈.###.###..##
...#≈≈≈≈..#≈≈)≈# ##.##....
...≈≈≈≈##'##≈≈≈## ##....##
...≈≈≈≈#...#≈≈≈≈###.##.##
..#≈≈≈≈#.@.#≈≈≈≈##.###.#
###≈≈≈≈#...#≈≈≈≈#..###.#
##≈≈≈#####≈≈≈....†...#
#≈≈≈≈≈≈≈≈≈≈≈######### ##
≈≈≈≈≈≈≈≈≈# ≈≈≈≈≈≈≈#.#
##≈≈≈###.# #.### #.# #.
#?#


Turn 157 on D:1: yeah ok

Levels and vault maps discovered:
D:1:      eino_arrival_cavern_d, layout_loops_ring,
          nicolae_ecumenical_lake_church
D:2:      layout_loops_ring, serial_shops, nicolae_shop_hallway_stairs,
          grunt_ministairs_2
D:3:      layout_loops_ring, mainiacjoe_overflow_catwalk
D:4:      layout_basic, mainiacjoe_overflow_cross_hatched
D:5:      layout_basic, nzn_overflow_gifts_of_might_and_magic,
          good_gods_mini_temple, amcnicky_altar_gilded,
          nemelex_diamond_rough_becter, serial_shops, shop, patterned_corridor

Skill      XL: |  1  2  3  4  5  6 |
---------------+-------------------+-----
Armour         | 1 2 |  2.2
Invocations    | 1 2 |  2.9
Translocations | 3 |  3.4
Fighting       | 2 |  2.3
Long Blades    | 3 4 |  4.3
Stealth        | 1 |  1.4
Throwing       | 1 |  1.3
Dodging        | |  2.9
Spellcasting   | |  2.2
Conjurations   | |  0.3

Action                   |  1- 3 |  4- 6 |  7- 9 || total
-------------------------+-------+-------+-------++-------
Melee: Falchion          |   128 |   101 |       ||   229
       Bite              |    11 |    17 |       ||    28
       Punch             |       |     2 |       ||     2
       Long sword        |       |    37 |     2 ||    39
Throw: Boomerang         |     3 |    24 |       ||    27
 Cast: Blink             |     2 |     1 |       ||     3
       Magic Dart        |    20 |       |       ||    20
       Teleport Other    |       |     1 |       ||     1
Evoke: Wand              |       |     5 |       ||     5
  Use: Potion            |     1 |     1 |     2 ||     4
       Scroll            |       |     5 |       ||     5
 Stab: Sleeping          |     2 |     2 |       ||     4
Armor: Leather armour    |    35 |    55 |       ||    90
Dodge: Dodged            |    88 |   103 |     1 ||   192
